APP
BILLINGS MUSTANGS @ SAN FRANCISCO (APP) GIANTS
07/07/2048
 
TOP OF THE 1ST
Billings Mustangs batting - Pitching for San Francisco (APP) Giants : LHP Diego Tellez
Pitching: LHP Diego Tellez
Batting: RHB Alex de Leon 0-0: Ball
1-0: Called Strike
1-1: Foul Ball, location: 2F
1-2: Ball
2-2: Ball
3-2: Foul Ball, location: 2F
3-2: Base on Balls
Batting: SHB Jaivata Mohanty 0-0: Ball
Wild Pitch!
Alex de Leon to second
1-0: Ball
Passed Ball!
Alex de Leon to third
2-0: Ball
Passed Ball!
Alex de Leon scores
3-0: Base on Balls
Batting: SHB David Garnica 0-0: Called Strike
0-1: Foul Ball, location: 2F
0-2: Ball
1-2: Ball
2-2: Foul Ball, location: 2F
2-2: Ball
3-2: Foul Ball, location: 2F
3-2: Base on Balls
Jaivata Mohanty to second
Batting: RHB Alex Juarez 0-0: Swinging Strike
Passed Ball!
Jaivata Mohanty to third
David Garnica to second
0-1: Foul Ball, location: 2F
0-2: Fly out, F2 (Popup, 23F, EV 90.0 MPH)
Pitching: RHP Newt Reid
Batting: RHB Ben Burkholder 0-0: Called Strike
0-1: Foul Ball, location: 2F
0-2: Foul Ball, location: 2F
0-2: Foul Ball, location: 2F
0-2: TRIPLE (Groundball, 3L, EV 97.5 MPH)
Jaivata Mohanty scores
David Garnica scores
Batting: RHB Gabriel Arias 0-0: Ball
1-0: Called Strike
1-1: Ball
2-1: SINGLE (Groundball, 56D, EV 103.8 MPH)
Ben Burkholder scores
Batting: RHB Will Trudeau 0-0: Ball
1-0: Called Strike
1-1: Ball
2-1: Called Strike
2-2: Ball
3-2: Reached on error, E6 (Groundball, 6, EV 93.1 MPH)
Gabriel Arias to second
Batting: LHB Alex Ramos 0-0: Ball
1-0: DOUBLE (Flyball, 78D, EV 88.8 MPH)
Gabriel Arias scores
Will Trudeau to third
Batting: RHB Omar Garce 0-0: Ball
Wild Pitch!
Will Trudeau scores
Alex Ramos to third
1-0: Ball
2-0: Ball
Wild Pitch!
Alex Ramos scores
3-0: Called Strike
3-1: Called Strike
3-2: DOUBLE (Groundball, 5L, EV 109.4 MPH)
Pitching: RHP Sam Green
Batting: RHB Alex de Leon 0-0: Ball
1-0: Ball
2-0: SINGLE (Flyball, 8LS, EV 100.0 MPH)
Omar Garce to third
Runner from 3rd tries for Home, SAFE, throw by LF to home
Batting: SHB Jaivata Mohanty 0-0: Called Strike
0-1: Foul Ball, location: 2F
0-2: Ball
Passed Ball!
Alex de Leon to second
1-2: Foul Ball, location: 2F
1-2: 2-RUN HOME RUN (Flyball, 7D, EV 99.4 MPH), Distance : 374 ft
Batting: SHB David Garnica 0-0: Ball
1-0: Swinging Strike
1-1: Ball
2-1: Ball
3-1: SINGLE (Groundball, 56, EV 108.8 MPH)
Batting: RHB Alex Juarez 0-0: Ball
1-0: Ball
2-0: Ball
3-0: Called Strike
3-1: 2-RUN HOME RUN (Flyball, 8RXD, EV 116.2 MPH), Distance : 461 ft
Pitching: RHP Corey Foster
Batting: RHB Ben Burkholder 0-0: Called Strike
0-1: Foul Ball, location: 2F
0-2: Foul Ball, location: 2F
0-2: Fly out, F9 (Flyball, 9D, EV 100.6 MPH)
Batting: RHB Gabriel Arias 0-0: Called Strike
0-1: Called Strike
0-2: Ball
1-2: Foul Ball, location: 2F
1-2: Ball
2-2: Strikes out swinging
Top of the 1st over - 12 runs, 8 hits, 1 error, 0 left on base; Billings 12 - San Francisco (APP) 0
BOTTOM OF THE 1ST
San Francisco (APP) Giants batting - Pitching for Billings Mustangs : RHP Ryan Krause
Pitching: RHP Ryan Krause
Batting: LHB Eddie Lemus 0-0: Foul Ball, location: 2F
0-1: Ball
1-1: Ball
2-1: Foul Ball, location: 2F
2-2: Ground out 3-1 (Groundball, 34, EV 85.6 MPH)
Batting: RHB Noe Oliva 0-0: Ball
1-0: Ball
2-0: Ball
3-0: Called Strike
3-1: Base on Balls
Batting: LHB Kuan Hsia 0-0: Ball
1-0: Called Strike
1-1: Ball
Noe Oliva steals 2nd base
2-1: Ball
3-1: Foul Ball, location: 2F
3-2: Ground out 6-3 (Groundball, 6, EV 86.9 MPH)
Noe Oliva to third
Batting: RHB Ricky Aguilar 0-0: Ball
1-0: Called Strike
1-1: Ball
2-1: Foul Ball, location: 2F
2-2: Ground out 5-3 (Groundball, 56, EV 85.6 MPH)
Bottom of the 1st over - 0 runs, 0 hits, 0 errors, 1 left on base; Billings 12 - San Francisco (APP) 0
TOP OF THE 2ND
Billings Mustangs batting - Pitching for San Francisco (APP) Giants : RHP Corey Foster
Batting: RHB Will Trudeau 0-0: Ball
1-0: Ball
2-0: Called Strike
2-1: Foul Ball, location: 2F
2-2: Ball
3-2: Base on Balls
Batting: LHB Alex Ramos 0-0: Foul Ball, location: 2F
0-1: SINGLE (Groundball, 56S, EV 74.4 MPH) (infield hit)
Will Trudeau to second
Pitching: RHP Russ Hudson
Batting: RHB Omar Garce 0-0: Ball
Passed Ball!
Will Trudeau to third
Alex Ramos to second
1-0: Called Strike
1-1: Foul Ball, location: 2F
1-2: SINGLE (Groundball, 56D, EV 104.4 MPH)
Will Trudeau scores
Alex Ramos to third
Runner from 3rd tries for Home, throw by LF and OUT! 7-2
Batting: RHB Alex de Leon 0-0: Ball
Wild Pitch!
Omar Garce to second
1-0: Ball
2-0: Swinging Strike
2-1: Ball
3-1: Foul Ball, location: 2F
3-2: Base on Balls
Batting: SHB Jaivata Mohanty 0-0: Called Strike
Passed Ball!
Omar Garce to third
Alex de Leon to second
0-1: Ball
1-1: Foul Ball, location: 2F
1-2: Ball
2-2: Foul Ball, location: 2F
2-2: Foul Ball, location: 2F
2-2: 3-RUN HOME RUN (Flyball, 9LD, EV 93.8 MPH), Distance : 356 ft
Batting: SHB David Garnica 0-0: Called Strike
0-1: Ball
1-1: Ball
2-1: Foul Ball, location: 2F
2-2: Ball
3-2: SOLO HOME RUN (Flyball, 9LD, EV 106.2 MPH), Distance : 384 ft
Pitching: LHP Ken Cromsie
Batting: RHB Alex Juarez 0-0: Called Strike
0-1: Swinging Strike
0-2: Ball
1-2: Fly out, F8 (Flyball, 8RS, EV 81.2 MPH)
Batting: RHB Ben Burkholder 0-0: Ball
1-0: Called Strike
1-1: Swinging Strike
1-2: Ball
2-2: Strikes out swinging
Top of the 2nd over - 5 runs, 4 hits, 0 errors, 0 left on base; Billings 17 - San Francisco (APP) 0
BOTTOM OF THE 2ND
San Francisco (APP) Giants batting - Pitching for Billings Mustangs : RHP Ryan Krause
Batting: RHB Chris Kulik 0-0: Called Strike
0-1: Ball
1-1: Called Strike
1-2: Strikes out swinging
Batting: RHB Azeem bin Zuhair 0-0: Ball
1-0: Called Strike
1-1: Ground out U3 (Groundball, 3, EV 105.0 MPH)
Batting: RHB Rúbem Trancoso 0-0: Swinging Strike
0-1: Ball
1-1: Ball
2-1: SINGLE (Flyball, 9LS, EV 93.1 MPH)
Batting: SHB Cedric Sweep 0-0: Ball
1-0: Ball
2-0: DOUBLE (Line Drive, 7LS, EV 96.2 MPH)
Rúbem Trancoso to third
Runner from 3rd tries for Home, SAFE, no throw by LF
Batting: LHB Conrad van Gemert 0-0: Ball
1-0: Called Strike
1-1: Ball
2-1: Called Strike
2-2: Strikes out swinging
Bottom of the 2nd over - 1 run, 2 hits, 0 errors, 1 left on base; Billings 17 - San Francisco (APP) 1
TOP OF THE 3RD
Billings Mustangs batting - Pitching for San Francisco (APP) Giants : LHP Ken Cromsie
Batting: RHB Gabriel Arias 0-0: Called Strike
0-1: Ball
1-1: Ball
2-1: Swinging Strike
2-2: Ball
3-2: Foul Ball, location: 2F
3-2: Strikes out looking
Batting: RHB Will Trudeau 0-0: Called Strike
0-1: Ball
1-1: Ball
2-1: Swinging Strike
2-2: Ground out U3 (Groundball, 3S, EV 83.1 MPH)
Batting: LHB Alex Ramos 0-0: Called Strike
0-1: Foul Ball, location: 2F
0-2: Foul Ball, location: 2F
0-2: Ball
1-2: Ball
2-2: Foul Ball, location: 2F
2-2: Foul Ball, location: 2F
2-2: Foul Ball, location: 2F
2-2: Foul Ball, location: 2RF, Error on foul ball, E2
2-2: Fly out, F8 (Flyball, 8LM, EV 80.0 MPH)
Top of the 3rd over - 0 runs, 0 hits, 1 error, 0 left on base; Billings 17 - San Francisco (APP) 1
BOTTOM OF THE 3RD
San Francisco (APP) Giants batting - Pitching for Billings Mustangs : RHP Ryan Krause
Batting: LHB Eddie Lemus 0-0: Ball
1-0: Foul Ball, location: 2F
1-1: Called Strike
1-2: SINGLE (Groundball, 4S, EV 74.4 MPH) (infield hit)
Batting: RHB Noe Oliva 0-0: Fly out, F9 (Flyball, 9LM, EV 90.6 MPH)
Batting: LHB Kuan Hsia 0-0: Called Strike
0-1: Ball
1-1: Swinging Strike
1-2: Ball
2-2: Foul Ball, location: 2F
2-2: Ball
3-2: Strikes out looking
Eddie Lemus is caught stealing 2nd base 2-6
Batter strikes out.
Bottom of the 3rd over - 0 runs, 1 hit, 0 errors, 0 left on base; Billings 17 - San Francisco (APP) 1
TOP OF THE 4TH
Billings Mustangs batting - Pitching for San Francisco (APP) Giants : LHP Ken Cromsie
Batting: RHB Omar Garce 0-0: Ball
1-0: Ball
2-0: Called Strike
2-1: Foul Ball, location: 2F
2-2: Strikes out looking
Batting: RHB Alex de Leon 0-0: SINGLE (Groundball, 56S, EV 63.8 MPH) (infield hit)
Batting: SHB Jaivata Mohanty 0-0: Foul Ball, location: 2F
0-1: Swinging Strike
0-2: Ball
Passed Ball!
Alex de Leon to second
1-2: Foul Ball, location: 2F
1-2: Ball
Passed Ball!
Alex de Leon to third
2-2: Ball
3-2: Base on Balls
Batting: SHB David Garnica 0-0: Foul Ball, location: 2F
0-1: TRIPLE (Line Drive, 89XD, EV 101.9 MPH)
Alex de Leon scores
Jaivata Mohanty scores
Batting: RHB Alex Juarez 0-0: Ball
1-0: Called Strike
1-1: Ball
2-1: Foul Ball, location: 2F
2-2: Ball
Passed Ball!
David Garnica scores
3-2: Base on Balls
Batting: RHB Ben Burkholder 0-0: Called Strike
0-1: Foul Ball, location: 2F
0-2: Ball
1-2: Ball
2-2: Ball
Passed Ball!
Alex Juarez to second
3-2: Foul Ball, location: 2F
3-2: SINGLE (Groundball, 6M, EV 100.6 MPH) (infield hit)
Alex Juarez to third
Batting: RHB Gabriel Arias 0-0: Ball
1-0: Ball
Passed Ball!
Alex Juarez scores
Ben Burkholder to second
2-0: Ball
3-0: Base on Balls
Batting: RHB Will Trudeau 0-0: Fly out, F8 (Flyball, 8RXD, EV 92.5 MPH)
Runner from 2nd tags up, SAFE at 3rd, no throw by CF
Batting: LHB Alex Ramos 0-0: Ball
Wild Pitch!
Ben Burkholder scores
Gabriel Arias to second
1-0: Called Strike
1-1: Called Strike
1-2: Ball
Passed Ball!
Gabriel Arias to third
2-2: Foul Ball, location: 2F
2-2: Ball
3-2: Base on Balls
Batting: RHB Omar Garce 0-0: 3-RUN HOME RUN (Flyball, 9D, EV 103.1 MPH), Distance : 387 ft
Batting: RHB Alex de Leon 0-0: Ball
1-0: Called Strike
1-1: Ball
2-1: Ball
3-1: Base on Balls
Batting: SHB Jaivata Mohanty 0-0: Ball
1-0: Foul Ball, location: 2F
1-1: Ball
2-1: Ball
3-1: Base on Balls
Alex de Leon to second
Batting: SHB David Garnica 0-0: Ball
Wild Pitch!
Alex de Leon to third
Jaivata Mohanty to second
1-0: Swinging Strike
Passed Ball!
Alex de Leon scores
Jaivata Mohanty to third
1-1: Called Strike
1-2: Ball
Passed Ball!
Jaivata Mohanty scores
2-2: Foul Ball, location: 2F
2-2: Strikes out swinging
Top of the 4th over - 10 runs, 4 hits, 0 errors, 0 left on base; Billings 27 - San Francisco (APP) 1
BOTTOM OF THE 4TH
San Francisco (APP) Giants batting - Pitching for Billings Mustangs : RHP Ryan Krause
Batting: RHB Ricky Aguilar 0-0: Called Strike
0-1: Ball
1-1: Swinging Strike
1-2: Ball
2-2: Ball
3-2: Base on Balls
Batting: RHB Chris Kulik 0-0: Ball
1-0: Ball
2-0: Foul Ball, location: 2F
2-1: Ball
3-1: Foul Ball, location: 2F
3-2: Strikes out swinging
Batting: RHB Azeem bin Zuhair 0-0: Called Strike
0-1: Swinging Strike
0-2: Strikes out swinging
Batting: RHB Rúbem Trancoso 0-0: Called Strike
0-1: Ball
1-1: Ball
2-1: Foul Ball, location: 2F
2-2: Ground out U3 (Groundball, 3, EV 101.9 MPH)
Bottom of the 4th over - 0 runs, 0 hits, 0 errors, 1 left on base; Billings 27 - San Francisco (APP) 1
TOP OF THE 5TH
Billings Mustangs batting - Pitching for San Francisco (APP) Giants : LHP Ken Cromsie
Batting: RHB Alex Juarez 0-0: Called Strike
0-1: Ball
1-1: Called Strike
1-2: Foul Ball, location: 2F
1-2: Ball
2-2: Strikes out swinging
Batting: RHB Ben Burkholder 0-0: Ball
1-0: Ball
2-0: Foul Ball, location: 2F
2-1: Called Strike
2-2: Ball
3-2: Base on Balls
Batting: RHB Gabriel Arias 0-0: Fly out, F8 (Flyball, 8RD, EV 96.9 MPH)
Batting: RHB Will Trudeau 0-0: Ball
1-0: Foul Ball, location: 2F
1-1: Ball
2-1: Ball
3-1: Called Strike
3-2: Strikes out swinging
Top of the 5th over - 0 runs, 0 hits, 0 errors, 1 left on base; Billings 27 - San Francisco (APP) 1
BOTTOM OF THE 5TH
San Francisco (APP) Giants batting - Pitching for Billings Mustangs : RHP Ryan Krause
Batting: SHB Cedric Sweep 0-0: Called Strike
0-1: Ball
1-1: Foul Ball, location: 2F
1-2: Ball
2-2: Strikes out swinging
Batting: LHB Conrad van Gemert 0-0: Fly out, F9 (Flyball, 89M, EV 86.2 MPH)
Batting: LHB Eddie Lemus 0-0: Ball
1-0: Swinging Strike
1-1: Swinging Strike
1-2: Foul Ball, location: 2F
1-2: Strikes out looking
Bottom of the 5th over - 0 runs, 0 hits, 0 errors, 0 left on base; Billings 27 - San Francisco (APP) 1
TOP OF THE 6TH
Billings Mustangs batting - Pitching for San Francisco (APP) Giants : LHP Ken Cromsie
Batting: LHB Alex Ramos 0-0: Ground out 3-1 (Groundball, 34, EV 86.2 MPH)
Batting: RHB Omar Garce 0-0: Ball
1-0: Ball
2-0: Ball
3-0: Called Strike
3-1: Base on Balls
Batting: RHB Alex de Leon 0-0: Fly out, F9 (Flyball, 9D, EV 96.9 MPH)
Batting: SHB Jaivata Mohanty 0-0: Foul Ball, location: 2F
0-1: Swinging Strike
0-2: Ball
Passed Ball!
Omar Garce to second
1-2: Ball
Passed Ball!
Omar Garce to third
2-2: Ball
3-2: Base on Balls
Batting: SHB David Garnica 0-0: Called Strike
0-1: Called Strike
0-2: Ball
1-2: Ground out 4-3 (Groundball, 4, EV 93.8 MPH)
Top of the 6th over - 0 runs, 0 hits, 0 errors, 2 left on base; Billings 27 - San Francisco (APP) 1
BOTTOM OF THE 6TH
San Francisco (APP) Giants batting - Pitching for Billings Mustangs : RHP Ryan Krause
Batting: RHB Noe Oliva 0-0: Called Strike
0-1: Ball
1-1: Called Strike
1-2: Ball
2-2: Fly out, F9 (Flyball, 89M, EV 91.2 MPH)
Pitching: RHP Kevin Larner
Batting: LHB Kuan Hsia 0-0: SINGLE (Line Drive, 4MD, EV 96.2 MPH)
Batting: RHB Ricky Aguilar 0-0: Called Strike
0-1: Foul Ball, location: 2F
0-2: Strikes out looking
Batting: RHB Chris Kulik 0-0: Fly out, F8 (Flyball, 89D, EV 85.0 MPH)
Bottom of the 6th over - 0 runs, 1 hit, 0 errors, 1 left on base; Billings 27 - San Francisco (APP) 1
TOP OF THE 7TH
Billings Mustangs batting - Pitching for San Francisco (APP) Giants : LHP Ken Cromsie
Batting: RHB Alex Juarez 0-0: Called Strike
0-1: Fly out, F7 (Line Drive, 7, EV 86.2 MPH)
Batting: RHB Ben Burkholder 0-0: Fly out, F8 (Flyball, 8LM, EV 76.9 MPH)
Batting: RHB Gabriel Arias 0-0: Ball
1-0: Fly out, F9 (Flyball, 9, EV 77.5 MPH)
Top of the 7th over - 0 runs, 0 hits, 0 errors, 0 left on base; Billings 27 - San Francisco (APP) 1
BOTTOM OF THE 7TH
San Francisco (APP) Giants batting - Pitching for Billings Mustangs : RHP Kevin Larner
Batting: RHB Azeem bin Zuhair 0-0: Ball
1-0: Fly out, F8 (Flyball, 8RM, EV 95.0 MPH)
Batting: RHB Rúbem Trancoso 0-0: Foul Ball, location: 2F
0-1: Called Strike
0-2: Strikes out looking
Batting: SHB Cedric Sweep 0-0: Ball
1-0: Ball
2-0: DOUBLE (Line Drive, 3D, EV 95.6 MPH)
Batting: LHB Conrad van Gemert 0-0: Ball
1-0: Ball
2-0: Called Strike
2-1: Foul Ball, location: 2F
2-2: Ball
3-2: Foul Ball, location: 2F
3-2: Foul Ball, location: 2F
3-2: Strikes out looking
Bottom of the 7th over - 0 runs, 1 hit, 0 errors, 1 left on base; Billings 27 - San Francisco (APP) 1
TOP OF THE 8TH
Billings Mustangs batting - Pitching for San Francisco (APP) Giants : LHP Ken Cromsie
Pinch Hitting: LHB Martin Koka 0-0: Called Strike
0-1: Reached on error, E4 (Groundball, 34, EV 105.6 MPH)
Pinch Hitting: LHB Alex Vazquez 0-0: Ground out 5-3 (Groundball, 56, EV 101.9 MPH)
Batting: RHB Omar Garce 0-0: Called Strike
0-1: Foul Ball, location: 2F
0-2: Ball
1-2: Ball
Wild Pitch!
Martin Koka to third
2-2: Foul Ball, location: 2F
2-2: Ball
Passed Ball!
Martin Koka scores
3-2: Strikes out swinging
Batting: RHB Alex de Leon 0-0: Ball
1-0: Foul Ball, location: 2F
1-1: TRIPLE (Flyball, 78XD, EV 98.1 MPH)
Pinch Hitting: SHB Gustavo Froio 0-0: Ball
1-0: Called Strike
1-1: SINGLE (Groundball, 6MD, EV 95.6 MPH)
Alex de Leon scores
Pinch Hitting: RHB Teddy Bonaddio 0-0: Foul Ball, location: 2F
0-1: Fly out, F3 (Popup, 3F, EV 61.9 MPH)
Top of the 8th over - 2 runs, 2 hits, 1 error, 1 left on base; Billings 29 - San Francisco (APP) 1
BOTTOM OF THE 8TH
San Francisco (APP) Giants batting - Pitching for Billings Mustangs : RHP Kevin Larner
Now at 3B: Gustavo Froio
Now in LF: Martin Koka
Now in CF: Jose Cruz
Now in RF: Alex Vazquez
Batting: LHB Eddie Lemus 0-0: Ball
1-0: Called Strike
1-1: Foul Ball, location: 2F
1-2: Strikes out swinging
Batting: RHB Noe Oliva 0-0: Swinging Strike
0-1: Foul Ball, location: 2F
0-2: Strikes out swinging
Batting: LHB Kuan Hsia 0-0: Called Strike
0-1: Called Strike
0-2: Strikes out swinging
Bottom of the 8th over - 0 runs, 0 hits, 0 errors, 0 left on base; Billings 29 - San Francisco (APP) 1
TOP OF THE 9TH
Billings Mustangs batting - Pitching for San Francisco (APP) Giants : LHP Ken Cromsie
Batting: RHB Alex Juarez 0-0: Swinging Strike
0-1: Fly out, F7 (Flyball, 7D, EV 95.0 MPH)
Batting: RHB Ben Burkholder 0-0: Ball
1-0: Ball
2-0: Ball
3-0: Base on Balls
Batting: RHB Gabriel Arias 0-0: Fielders Choice at 2nd, 5-4 (Groundball, 56, EV 104.4 MPH)
Pinch Hitting: RHB Fred Barbour 0-0: 2-RUN HOME RUN (Flyball, 7D, EV 103.1 MPH), Distance : 395 ft
Pinch Hitting: RHB Alex Villagomez 0-0: Fly out, F8 (Flyball, 78M, EV 83.8 MPH)
Top of the 9th over - 2 runs, 1 hit, 0 errors, 0 left on base; Billings 31 - San Francisco (APP) 1
BOTTOM OF THE 9TH
San Francisco (APP) Giants batting - Pitching for Billings Mustangs : RHP Kevin Larner
Now in LF: Alex Villagomez
Now in RF: Ji-an See-to
Batting: RHB Ricky Aguilar 0-0: Ball
1-0: Swinging Strike
1-1: Fly out, F9 (Flyball, 9D, EV 93.1 MPH)
Batting: RHB Chris Kulik 0-0: Ball
1-0: Ground out 4-3 (Groundball, 4, EV 105.6 MPH)
Batting: RHB Azeem bin Zuhair 0-0: Called Strike
0-1: Swinging Strike
0-2: Strikes out swinging
Bottom of the 9th over - 0 runs, 0 hits, 0 errors, 0 left on base; Billings 31 - San Francisco (APP) 1
Tuesday, March 28th , 2023 - OOTP Baseball 23.10 Build 110